 Dungeon Crawl Stone Soup version 0.31.0-11-ge490571c62 (webtiles) character file.

Game seed: 2137043708951081278

191 qw the Skirmisher (level 5, -6/29 HPs)
             Began as a Deep Elf Hunter on Feb 3, 2024.
             Mangled by an ogre
             ... wielding a +0 giant spiked club
              (21 damage)
             ... on level 4 of the Dungeon.
             The game lasted 00:00:08 (2401 turns).

qw the Skirmisher (Deep Elf Hunter)                 Turns: 2401, Time: 00:00:09

Health: -6/29      AC:  7    Str: 10    XL:     5   Next: 41%
Magic:  0/7        EV: 11    Int: 14    God:
Gold:   175        SH:  0    Dex: 18    Spells: 4/4 levels left

rFire   . . .        e - +3 sling (heavy)
rCold   . . .        (no shield)
rNeg    . . .        a - +0 ring mail
rPois   .            i - +0 helmet
rElec   .            (no cloak)
rCorr   .            (no gloves)
SInv    .            j - +0 pair of boots
Will    .....        f - amulet of guardian spirit
Stlth   +            (no ring)
HPRegen 0.24/turn    (no ring)
MPRegen 0.10/turn

%: guardian spirit
@: no status effects
A: no striking features
a: no special abilities


You were on level 4 of the Dungeon.
You visited 1 branch of the dungeon, and saw 4 of its levels.

You collected 175 gold pieces.


   Skills:
 - Level 1.5 Fighting
 + Level 8.9 Ranged Weapons
 - Level 2.4 Dodging
 - Level 1.2 Stealth


You had 4 spell levels left.
You didn't know any spells.
Your spell library was empty.

Inventory:

Hand Weapons
 e - a +3 heavy sling (weapon)
Armour
 a - a +0 ring mail (worn)
 i - a +0 helmet (worn)
 j - a +0 pair of boots (worn)
Jewellery
 f - an amulet of guardian spirit (around neck)
Scrolls
 d - a scroll of teleportation
Potions
 h - a potion of berserk rage {unknown}

Dungeon Overview and Level Annotations

Branches:
Dungeon (4/15)
 Temple: D:4-7

Altars:
Cheibriados


Message History

2339 ||| UPGRADING to +0 helmet.
You start putting on your armour.
You continue putting on your +0 helmet. x4
You finish putting on your +0 helmet.
2344 ||| UPGRADING to +0 pair of boots.
You start putting on your armour.
You continue putting on your +0 pair of boots. x4
You finish putting on your +0 pair of boots.
Done exploring.
2349 ||| READING scroll labelled COOTSYGYGI.
As you read the scroll labelled COOTSYGYGI, it crumbles to dust.
It is a scroll of amnesia.
You feel forgetful for a moment.
Done exploring.
2350 ||| READING scroll labelled QOD BUCSULYSS.
As you read the scroll labelled QOD BUCSULYSS, it crumbles to dust.
You feel momentarily disoriented.
It was a scroll of revelation.
Done exploring.
What level of the Dungeon? (default 3, ? - help)
There is a stone staircase leading down here.
You climb downwards.
Found 17 gold pieces and a buckler.
Found an escape hatch in the ceiling.
There is a stone staircase leading up here.
Waypoint 3 assigned to D:4.
You now have 168 gold pieces (gained 10).
You now have 175 gold pieces (gained 7).
There is a stone staircase leading up here.
Found an escape hatch in the floor.
An ogre comes into view. It is wielding a +0 giant spiked club.
You shoot a sling bullet. The sling bullet hits the ogre!
The ogre is moderately wounded.
You shoot a sling bullet. The sling bullet hits the ogre!
The ogre is severely wounded.
The ogre closely misses you.
You shoot a sling bullet.
The sling bullet barely misses the ogre.
The ogre hits you with a +0 giant spiked club!!
You shoot a sling bullet.
The sling bullet barely misses the ogre.
The ogre hits you with a +0 giant spiked club!!
Ouch! That really hurt!
You die...

###########
#.........#
#.........##
#..........######.
#..[.........<..>.
#.......<.@.#
#.........#O#
###########.# ..
#.. ##. .. ..


You could see an ogre.

Vanquished Creatures
  2 orc priests (D:3)
  An orc wizard (D:3)
  An adder (D:3)
  4 ribbon worms
  3 dart slugs
  5 orcs
  2 bats (D:3)
  4 endoplasms
  2 giant cockroaches (D:2)
  7 goblins
  11 hobgoblins
  2 jackals (D:1)
  4 quokkas
  8 ball pythons
  3 frilled lizards
  12 kobolds
  4 rats
75 creatures vanquished.

Notes
Turn   | Place    | Note
-------+----------+-------------------------------------------
     0 | D:1      | qw the Deep Elf Hunter began the quest for the Orb.
     0 | D:1      | Reached XP level 1. HP: 12/12 MP: 3/3
     0 | D:1      | 0 ||| qw: Version: 0.3-a-155-g5e7d8dd
     0 | D:1      | 0 ||| qw: Game counter: 3369
     0 | D:1      | 0 ||| qw: Melee chars always use a shield: true
     0 | D:1      | 0 ||| qw: God list: Okawaru
     0 | D:1      | 0 ||| qw: Allow faded altars: false
     0 | D:1      | 0 ||| qw: Do Orc after clearing Dungeon:15 true
     0 | D:1      | 0 ||| qw: Do second Lair branch before Depths: true
     0 | D:1      | 0 ||| qw: Lair rune preference: random
     0 | D:1      | 0 ||| qw: Goals: Normal
     0 | D:1      | 0 ||| PLANNING D:1-11
    41 | D:1      | Reached XP level 2. HP: 16/16 MP: 4/4
    53 | D:1      | Reached skill level 6 in Ranged Weapons
   202 | D:1      | HP: 3/16 [kobold/+0 dagger (3)]
   294 | D:1      | Reached XP level 3. HP: 12/20 MP: 5/5
   364 | D:1      | 364 ||| SWAPPING to +2 heavy sling.
   365 | D:1      | 365 ||| DROPPING +0 shortbow.
   466 | D:1      | Found a faded altar of an unknown god.
   685 | D:1      | 685 ||| READING 2 scrolls labelled OHOBUTEHIFF.
   690 | D:1      | 690 ||| DROPPING scroll of butterflies.
   807 | D:2      | Reached skill level 7 in Ranged Weapons
  1349 | D:2      | Reached XP level 4. HP: 25/25 MP: 6/6
  1541 | D:2      | 1541 ||| UPGRADING to amulet of guardian spirit.
  1546 | D:2      | 1546 ||| READING scroll labelled HEYMNAXZICK.
  1546 | D:2      | 1546 ||| ENCHANTING +2 heavy sling.
  1547 | D:2      | 1547 ||| READING scroll labelled MOTICE KAGICVU.
  1572 | D:3      | 1572 ||| FLEEEEING.
  1578 | D:3      | 1578 ||| FLEEEEING.
  1579 | D:3      | 1579 ||| FLEEEEING.
  1580 | D:3      | 1580 ||| STAIRDANCE
  1603 | D:2      | 1603 ||| READING scroll labelled NAESIMIDUO.
  1606 | D:3      | 1606 ||| STAIRDANCE
  1636 | D:3      | Reached skill level 8 in Ranged Weapons
  1729 | D:3      | Found a snail-covered altar of Cheibriados.
  1918 | D:3      | Reached XP level 5. HP: 29/29 MP: 7/7
  2328 | D:3      | 2328 ||| UPGRADING to +0 ring mail.
  2338 | D:3      | 2338 ||| DROPPING +0 leather armour.
  2339 | D:3      | 2339 ||| UPGRADING to +0 helmet.
  2344 | D:3      | 2344 ||| UPGRADING to +0 pair of boots.
  2349 | D:3      | 2349 ||| READING scroll labelled COOTSYGYGI.
  2350 | D:3      | 2350 ||| READING scroll labelled QOD BUCSULYSS.
  2397 | D:4      | Noticed an ogre
  2401 | D:4      | Mangled by an ogre

Levels and vault maps discovered:
D:1:      scummos_arrival_star, layout_basic,
          dilly_ecumenical_altar_fadedgnrine, bh_walls_and_bars
D:2:      layout_basic, minmay_misc_feat_nine_boxes
D:3:      layout_loops_cross, kennysheep_slug_shrine, minmay_misc_feat_five,
          roderic_st_hans_cross, grunt_ministairs_2
D:4:      layout_rooms, xom_teletrap_fun, minmay_temple_entry_statues_fountains,
          minmay_statues_item, nicolae_the_louvre, uniq_edmund

Skill      XL: |  1  2  3  4 |
---------------+-------------+-----
Ranged Weapons | 6 7 8 |  8.9
Fighting       | |  1.5
Dodging        | |  2.4
Stealth        | |  1.2

Action                     |  1- 3 |  4- 6 || total
---------------------------+-------+-------++-------
   Fire: Shortbow          |    79 |       ||    79
         Sling             |    48 |    55 ||   103
    Use: Scroll            |     1 |     5 ||     6
 Armour: Leather armour    |    24 |    11 ||    35
         Ring mail         |       |     2 ||     2
  Dodge: Dodged            |    29 |    10 ||    39

Table legend:
 A = Non-vault XP
 B = Vault XP
 C = Vault XP percentage of total XP
 D = Non-vault monster count
 E = Vault monster count
 F = Vault count percentage of total count
                 A         B        C        D         E       F
            +---------+---------+-------+---------+---------+-------
      Total |     265 |       8 |   2.9 |      72 |       3 |   4.0
            +---------+---------+-------+---------+---------+-------
        D:1 |      54 |       0 |   0.0 |      31 |       0 |   0.0
        D:2 |      53 |       0 |   0.0 |      25 |       0 |   0.0
        D:3 |     158 |       8 |   4.8 |      16 |       3 |  15.8
            +---------+---------+-------+---------+---------+-------
